 Dungeon Crawl Stone Soup version 0.28.0-53-g5a82cb258f (webtiles) character file.

Game seed: 1058414779285124907

8968 SanguineChosen the Basher (level 11, -1/69 HPs)
             Began as a Gargoyle Fighter on July 20, 2022.
             Was a Believer of Trog.
             Slain by a six-headed hydra (8 damage)
             ... on level 10 of the Dungeon.
             The game lasted 00:37:31 (10333 turns).

SanguineChosen the Basher (Gargoyle Fighter)       Turns: 10333, Time: 00:37:33

Health: -1/69      AC: 23    Str: 29    XL:     11   Next: 39%
Magic:  11/11      EV: 11    Int:  9    God:    Trog [**....]
Gold:   124        SH:  0    Dex: 17    Spells: 10/10 levels left

rFire   . . .      SeeInvis .   E - +6 mace of Duty {speed, Fragile rC++ Str+5}
rCold   + + .      Faith    .   I - +0 kite shield
rNeg    + . .      Spirit   .   r - quicksilver dragon scales
rPois   ∞          Reflect  .   v - +0 helmet
rElec   +          Harm     .   (no cloak)
rCorr   .          Rampage  .   e - +0 pair of gloves
Will    ++...                   (no boots)
Stlth   +.........              z - amulet of regeneration
HPRegen 1.01/turn               j - ring of willpower
MPRegen 0.12/turn               q - +6 ring of dexterity

@: confused, ambrosia-drunk
A: sickness immunity, AC +8, negative energy resistance 1, electricity
resistance, torment resistance 1, petrification resistance, hooves 1, agile 1
a: Renounce Religion, Berserk, Trog's Hand


You were on level 10 of the Dungeon.
You worshipped Trog.
Trog was pleased with you.
You visited 1 branch of the dungeon, and saw 10 of its levels.

You collected 386 gold pieces.
You spent 262 gold pieces at shops.

Inventory:

Hand Weapons
 a - a +0 flail
 p - a +2 whip of venom
 s - a +8 flail of draining
 t - a +1 flail of protection
 E - the +6 mace of Duty (weapon) {speed, Fragile rC++ Str+5}
   (You bought it in a shop on level 2 of the Dungeon)

   Attacks with this weapon are significantly faster.
   Str:       It affects your strength (+5).
   rC:        It greatly protects you from cold.
   Fragile:   It will be destroyed if unequipped.
Missiles
 i - 12 poisoned darts (quivered)
 o - 6 atropa-tipped darts
 D - a throwing net
Armour
 b - a +0 scale mail
 c - a +0 buckler
 e - a +0 pair of gloves (worn)
 r - quicksilver dragon scales (worn)
 v - a +0 helmet (worn)
 I - a +0 kite shield (worn)
Jewellery
 j - a ring of willpower (left hand)
 q - a +6 ring of dexterity (right hand)
 w - an amulet of magic regeneration
 y - a ring of resist corrosion
 z - an amulet of regeneration (around neck)
Wands
 f - a wand of flame (21)
 B - a wand of paralysis (12)
 H - a wand of iceblast (21)
 K - a wand of mindburst (9)
Scrolls
 g - 4 scrolls of blinking
 u - a scroll of fear
 L - a scroll of teleportation
Potions
 d - a potion of might
 h - a potion of berserk rage
 l - a potion of haste
 m - a potion of magic {unknown}
 n - a potion of invisibility
 x - 2 potions of flight
 A - 2 potions of resistance
 C - 2 potions of mutation
 F - a potion of lignification {unknown}


   Skills:
 + Level 8.5 Fighting
 + Level 11.5 Maces & Flails
 + Level 1.3 Throwing
 + Level 8.1 Armour
 + Level 3.0 Dodging
 + Level 4.0 Stealth
 + Level 8.4 Shields


You had 10 spell levels left.
You didn't know any spells.
Your spell library contained the following spells:

 Spells                   Type           Power      Damage    Failure   Level
 Beastly Appendage        Tmut           0%         N/A       80%         1
 Pain                     Necr           0%         1d4       80%         1
 Corpse Rot               Necr/Air       0%         N/A       90%         2
 Passwall                 Tmut/Erth      0%         N/A       90%         2
 Poisonous Vapours        Pois/Air       0%         N/A       90%         2
 Wereblood                Tmut           0%         N/A       90%         2
 Spider Form              Tmut/Pois      0%         N/A       99%         3
 Borgnjor's Vile Clutch   Necr/Erth      0%         N/A       100%        5
 Iron Shot                Conj/Erth      0%         9d1       100%        6
 Sublimation of Blood     Necr           Unusable   N/A       N/A         2

Dungeon Overview and Level Annotations

Branches:
Dungeon (10/15)            Temple (0/1) D:7            Lair (0/6) D:9
    Orc: D:9-12

Altars:
Cheibriados
Dithmenos
Gozag
Kikubaaqudgha
Makhleb
Nemelex Xobeh
Qazlal
Trog
Vehumet
Xom
The Shining One
Beogh

Shops:
D:2 !!*   D:9 (   D:10 (


Innate Abilities, Weirdness & Mutations

You are immune to sickness and miasma.
Your stone body is resilient. (AC +8)
You are immune to poison.
You resist negative energy. (rN+)
You are resistant to electric shocks. (rElec)
You are resistant to unholy torment.
You are immune to petrification.
You have large cloven feet.
You are agile. (Dex +2)


Message History

The six-headed hydra bites you!
The six-headed hydra closely misses you. x2
The six-headed hydra bites you!
* * * LOW HITPOINT WARNING * * *
The six-headed hydra bites you but does no damage. x2
Things that are here:
a +0 troll leather armour; a troll corpse You are confused.
You feel invigorated.
The six-headed hydra bites you but does no damage.
The six-headed hydra bites you!
* * * LOW HITPOINT WARNING * * *
The six-headed hydra bites you but does no damage.
The six-headed hydra bites you.
* * * LOW HITPOINT WARNING * * *
The six-headed hydra bites you.
* * * LOW HITPOINT WARNING * * *
The six-headed hydra bites you but does no damage.
You are too confused!
The six-headed hydra bites you but does no damage. x2
The six-headed hydra bites you!
* * * LOW HITPOINT WARNING * * *
The six-headed hydra closely misses you.
The six-headed hydra bites you but does no damage. x2
You are too confused!
You bump into the rock wall.
The six-headed hydra closely misses you.
The six-headed hydra barely misses you.
The six-headed hydra completely misses you.
The six-headed hydra bites you but does no damage.
The six-headed hydra bites you.
The six-headed hydra bites you but does no damage.
The six-headed hydra bites you!
The six-headed hydra bites you but does no damage.
The six-headed hydra misses you. The six-headed hydra bites you.
* * * LOW HITPOINT WARNING * * *
The six-headed hydra bites you!
* * * LOW HITPOINT WARNING * * *
The six-headed hydra bites you!
You die...

...... #...##..###
...... #.......# ....
##......## ..#
....##....# ..# .
.........## ..##..
.........[#
.......##........#
.........####...##
#####....###....@######
T...#.....###..D.##...#
............#[........#
....#................##
##..##..............##
##................##
#.#.............###
####.#.......#....#
#.##......#..###


You could see a six-headed hydra.

Vanquished Creatures
  2 centaur warriors (D:9)
  2 two-headed ogres
  A gargoyle (D:10)
  A troll (D:10)
  A vampire (D:10)
  2 wyverns (D:7)
  5 yaks (D:9)
  A steam dragon (D:7)
  4 vampire mosquitoes (D:10)
  Edmund (D:5)
  3 water moccasins
  Duvessa (D:4)
  5 orc warriors
  3 ice beasts (D:7)
  3 ogres
  A black bear (D:5)
  3 centaurs
  2 phantoms
  2 bullfrogs
  A wyvern zombie (D:5)
  4 scorpions
  Dowan (D:4)
  A water moccasin skeleton (D:7)
  4 wights (D:9)
  A howler monkey (D:8)
  4 centaur zombies
  2 hounds
  A bullfrog skeleton (D:5)
  5 orc priests
  A gnoll shaman (D:7)
  3 iguanas
  9 orc wizards
  A hound skeleton (D:4)
  7 adders
  7 gnolls (D:7)
  A shadow imp (D:8)
  A white imp (D:7)
  An adder skeleton (D:4)
  A worm (D:5)
  3 dart slugs
  31 orcs
  5 bats
  4 endoplasms
  3 giant cockroaches
  7 goblins
  3 hobgoblins
  3 jackals (D:4)
  4 ball pythons
  A frilled lizard (D:3)
  4 kobolds
  5 rats
172 creatures vanquished.

Vanquished Creatures (others)
  15 plants
15 creatures vanquished.

Grand Total: 187 creatures vanquished

Notes
Turn   | Place    | Note
-------+----------+-------------------------------------------
     0 | D:1      | SanguineChosen the Gargoyle Fighter began the quest for the
                  | Orb.
     0 | D:1      | Reached XP level 1. HP: 14/14 MP: 1/1
   176 | D:1      | Found a faded altar of an unknown god.
   666 | D:2      | Reached XP level 2. HP: 19/19 MP: 2/2
   811 | D:2      | Found Zuozxaesch's Distillery.
   863 | D:2      | Found Laokhyerph's Distillery.
   884 | D:2      | Reached XP level 3. HP: 19/23 MP: 3/3
   941 | D:2      | Bought a potion of curing for 30 gold pieces
  1266 | D:2      | Reached skill level 3 in Maces & Flails
  1325 | D:2      | Found Hakkel's Assorted Antiques.
  1355 | D:2      | Reached XP level 4. HP: 26/28 MP: 4/4
  1904 | D:2      | Bought a potion of curing for 30 gold pieces
  2476 | D:3      | Reached XP level 5. HP: 33/33 MP: 5/5
  2486 | D:3      | Got Zyusogiu's Papyrus of Twisted Transformation
  2761 | D:2      | Bought a potion of heal wounds for 50 gold pieces
  3135 | D:4      | Found a snail-covered altar of Cheibriados.
  3330 | D:4      | Reached skill level 4 in Maces & Flails
  3330 | D:4      | Reached skill level 1 in Dodging
  3330 | D:4      | Reached XP level 6. HP: 38/38 MP: 6/6
  3520 | D:4      | Found an opulent altar of Gozag.
  3555 | D:4      | Got Duferch's Handbook of Clay and Unholy Magic
  3564 | D:4      | Noticed Duvessa
  3566 | D:4      | Noticed Dowan
  3579 | D:4      | Killed Duvessa
  3583 | D:4      | Killed Dowan
  3785 | D:4      | Found a stormy altar of Qazlal.
  3834 | D:4      | Found a shadowy altar of Dithmenos.
  3995 | D:4      | Found a burning altar of Makhleb.
  4060 | D:4      | Reached skill level 5 in Maces & Flails
  4060 | D:4      | Reached XP level 7. HP: 42/44 MP: 7/7
  4174 | D:5      | Entered Level 5 of the Dungeon
  4434 | D:5      | Reached skill level 5 in Armour
  4606 | D:5      | Noticed Edmund
  4619 | D:5      | Reached skill level 5 in Fighting
  4619 | D:5      | Reached skill level 6 in Maces & Flails
  4622 | D:5      | Killed Edmund
  4623 | D:5      | Reached XP level 8. HP: 36/49 MP: 8/8
  4735 | D:5      | Found a sparkling altar of Nemelex Xobeh.
  4790 | D:5      | Reached skill level 1 in Throwing
  5382 | D:6      | Reached skill level 7 in Maces & Flails
  5382 | D:6      | Reached skill level 1 in Stealth
  6357 | D:6      | Gained mutation: You are agile. (Dex +2) [potion of
                  | mutation]
  6357 | D:6      | Gained mutation: You have large cloven feet. [potion of
                  | mutation]
  6437 | D:7      | Reached XP level 9. HP: 55/55 MP: 9/9
  6441 | D:7      | Found a bloodstained altar of Trog.
  6461 | D:7      | Found a shimmering altar of Xom.
  6552 | D:7      | Found a staircase to the Ecumenical Temple.
  6597 | D:7      | Reached skill level 8 in Maces & Flails
  6597 | D:7      | Reached skill level 5 in Shields
  6605 | D:7      | Became a worshipper of Trog the Wrathful
  6785 | D:2      | Bought a fine mace for 136 gold pieces
  6785 | D:2      | Identified the +6 mace of Duty {speed, Fragile rC++ Str+5}
                  | (You bought it in a shop on level 2 of the Dungeon)
  7567 | D:7      | Found an ancient bone altar of Kikubaaqudgha.
  7576 | D:7      | Found a radiant altar of Vehumet.
  7872 | D:8      | Reached skill level 9 in Maces & Flails
  8514 | D:8      | Reached XP level 10. HP: 50/61 MP: 10/10
  8585 | D:8      | Reached * piety under Trog
  8764 | D:8      | Noticed a two-headed ogre
  8774 | D:8      | Killed a two-headed ogre
  9123 | D:9      | Noticed a centaur warrior
  9135 | D:9      | Killed a centaur warrior
  9136 | D:9      | Reached skill level 10 in Maces & Flails
  9469 | D:9      | Noticed a centaur warrior
  9493 | D:9      | Killed a centaur warrior
  9588 | D:9      | Reached XP level 11. HP: 68/68 MP: 11/11
  9608 | D:9      | Found a staircase to the Lair.
  9619 | D:9      | Noticed a two-headed ogre
  9630 | D:9      | Killed a two-headed ogre
  9631 | D:9      | Reached skill level 11 in Maces & Flails
  9718 | D:9      | Found a glowing golden altar of the Shining One.
  9720 | D:9      | Found Sifrian's Weapon Boutique.
 10012 | D:10     | Entered Level 10 of the Dungeon
 10133 | D:10     | Reached ** piety under Trog
 10207 | D:10     | Found Igro's Weapon Shoppe.
 10212 | D:10     | Bought 3 poisoned darts for 16 gold pieces
 10273 | D:10     | Noticed a six-headed hydra
 10333 | D:10     | Slain by a six-headed hydra

Illustrated notes

Levels and vault maps discovered:
D:1:      tarquinn_simple_flora_water_d, layout_loops_ring,
          dreamdust_ecumenical_altar_hidden_monk_grotto
D:2:      layout_loops_ring, serial_shops, nicolae_shop_hallway_stairs,
          nicolae_shop_stone, shop
D:3:      layout_rooms, kennysheep_orc_chapel
D:4:      layout_loops_ring, kennysheep_slug_shrine,
          mainiacjoe_overflow_boulevard, old_standard_altar,
          nicolae_dithmenos_through_a_glass_darkly, lightli_temple_of_fire,
          minmay_misc_feat_pillars, serial_bayou_lake_a, uniq_duvessa
D:5:      layout_rooms, mainiacjoe_overflow_six_doors_small, uniq_edmund
D:6:      layout_layer_cave
D:7:      layout_loops_ring, lemuel_crystal_altar, mainiacjoe_overflow_24_doors,
          mainiacjoe_overflow_swirl, minmay_temple_entry_gardened_gates,
          corexii_hall_statues_l, corexii_checkpoint_a
D:8:      layout_basic, minmay_misc_feat_tiny, roderic_serpentine_path,
          amcnicky_mini_pool_small
D:9:      layout_irregular_city, mainiacjoe_overflow_brackets, lair_entry_dummy,
          serial_shops, shop
D:10:     layout_cave_pools, serial_shops, nicolae_shop_advertising_works
          [nicolae_subvault_shop_adworks]

Skill      XL: |  1  2  3  4  5  6  7  8  9 10 11 |
---------------+----------------------------------+-----
Maces & Flails | 3 4 5 6 7 9 10 11 | 11.5
Armour         | 4 5 6 7 8 |  8.1
Fighting       | 4 5 6 7 8 |  8.5
Dodging        | 1 2 3 |  3.0
Shields        | 4 5 7 8 |  8.4
Throwing       | 1 |  1.3
Stealth        | 1 2 3 4 |  4.0

Action                   |  1- 3 |  4- 6 |  7- 9 | 10-12 || total
-------------------------+-------+-------+-------+-------++-------
Melee: Flail             |    85 |    72 |    65 |       ||   222
       Whip              |       |   116 |    74 |       ||   190
       Kick              |       |       |    44 |    78 ||   122
       Mace              |       |       |   108 |   206 ||   314
Throw: Dart              |       |       |     8 |     2 ||    10
Evoke: Wand              |       |       |       |     1 ||     1
  Use: Scroll            |       |     5 |     7 |     6 ||    18
       Potion            |       |     2 |     5 |     1 ||     8
 Stab: Sleeping          |       |       |     2 |       ||     2
Armor: Scale mail        |    50 |    61 |    76 |       ||   187
       Quicksilver drago |       |       |    25 |   105 ||   130
       Skin              |       |       |     1 |       ||     1
Dodge: Dodged            |    43 |    52 |    92 |   105 ||   292
Block: Buckler           |    10 |    40 |    42 |       ||    92
       Kite shield       |       |       |     5 |   113 ||   118
